APL (24 & UNDER)
NANTUCKET ORCAS @ ATHENS ASSASSINS
06/25/2028
 
TOP OF THE 1ST
Nantucket Orcas batting - Pitching for Athens Assassins : RHP Don Ford
Pitching: RHP Don Ford
Batting: RHB Charlie Pérez 0-0: Fly out, F9 (Flyball, 89M)
Batting: RHB Demetrio Inrouville 0-0: Hit by Pitch
Batting: LHB Eugene Lee 0-0: Swinging Strike
0-1: Foul Ball, location: 2F
0-2: Ball
1-2: Strikes out swinging
Batting: RHB Fernando Álvarez 0-0: Ball
1-0: Called Strike
Demetrio Inrouville is caught stealing 2nd base
Top of the 1st over - 0 run(s), 0 hit(s), 0 error(s), 0 left on base; Nantucket 0 - Athens 0
BOTTOM OF THE 1ST
Athens Assassins batting - Pitching for Nantucket Orcas : LHP Stanley Wise
Pitching: LHP Stanley Wise
Batting: RHB Manny Olhoa 0-0: Ground out 5-3 (Groundball, 25)
Batting: RHB Alfonso Flores 0-0: Ball
1-0: Ball
2-0: SINGLE (Groundball, 34D)
Batting: RHB Maximino Abbado 0-0: Ball
1-0: Fly out, F7 (Flyball, 7S)
Batting: SHB Chris Barrett 0-0: Called Strike
0-1: Called Strike
0-2: Ball
1-2: Strikes out swinging
Bottom of the 1st over - 0 run(s), 1 hit(s), 0 error(s), 1 left on base; Nantucket 0 - Athens 0
TOP OF THE 2ND
Nantucket Orcas batting - Pitching for Athens Assassins : RHP Don Ford
Batting: RHB Fernando Álvarez 0-0: Foul Ball, location: 2F
0-1: Swinging Strike
0-2: Ball
1-2: Fly out, F4 (Popup, 4)
Batting: LHB Alfonso Vélez 0-0: Ball
1-0: Foul Ball, location: 2F
1-1: Swinging Strike
1-2: Ball
2-2: SINGLE (Groundball, 4MD)
Batting: RHB Roberto Canó 0-0: Called Strike
0-1: Called Strike
0-2: Ball
1-2: Fly out, F7 (Flyball, 7S)
Batting: SHB José Castillo 0-0: Called Strike
0-1: Ball
1-1: Foul Ball, location: 2F
1-2: Ball
2-2: Strikes out swinging
Top of the 2nd over - 0 run(s), 1 hit(s), 0 error(s), 1 left on base; Nantucket 0 - Athens 0
BOTTOM OF THE 2ND
Athens Assassins batting - Pitching for Nantucket Orcas : LHP Stanley Wise
Batting: RHB Júlio Castillo 0-0: Ball
1-0: Foul Ball, location: 2F
1-1: Swinging Strike
1-2: Strikes out swinging
Batting: RHB Jorge García 0-0: Called Strike
0-1: Swinging Strike
0-2: Foul Ball, location: 2F
0-2: Strikes out looking
Batting: RHB Justin Tomlinson 0-0: Foul Ball, location: 2F
0-1: Ball
1-1: Foul Ball, location: 2F
1-2: Strikes out looking
Bottom of the 2nd over - 0 run(s), 0 hit(s), 0 error(s), 0 left on base; Nantucket 0 - Athens 0
TOP OF THE 3RD
Nantucket Orcas batting - Pitching for Athens Assassins : RHP Don Ford
Batting: RHB Oliver Gonzéles 0-0: Ball
1-0: Called Strike
1-1: Foul Ball, location: 2F
1-2: Fly out, F8 (Flyball, 89M)
Batting: RHB Luis Cruz 0-0: Ball
1-0: Ball
2-0: Swinging Strike
2-1: Ground out 1-3 (Groundball, 15S)
Batting: RHB Charlie Pérez 0-0: Called Strike
0-1: Ball
1-1: Swinging Strike
1-2: DOUBLE (Line Drive, 89M)
Batting: RHB Demetrio Inrouville 0-0: DOUBLE (Flyball, 8LD)
Charlie Pérez scores
Batting: LHB Eugene Lee 0-0: Ball
1-0: Called Strike
1-1: Ball
2-1: Swinging Strike
2-2: Strikes out swinging
Top of the 3rd over - 1 run(s), 2 hit(s), 0 error(s), 1 left on base; Nantucket 1 - Athens 0
BOTTOM OF THE 3RD
Athens Assassins batting - Pitching for Nantucket Orcas : LHP Stanley Wise
Batting: RHB Luis López 0-0: Ball
1-0: Called Strike
1-1: Ball
2-1: SINGLE (Line Drive, 34D)
Batting: RHB Alfredo Medina 0-0: Single, Error in OF, E9, batter to second base
Luis López to third
Batting: RHB Manny Olhoa 0-0: DOUBLE (Line Drive, 89M)
Luis López scores
Alfredo Medina scores
Batting: RHB Alfonso Flores 0-0: Fly out, F8 (Flyball, 8RM)
Batting: RHB Maximino Abbado 0-0: Called Strike
0-1: Swinging Strike
0-2: Ball
1-2: Foul Ball, location: 2F
1-2: Ball
2-2: Strikes out looking
Batting: SHB Chris Barrett 0-0: Ball
1-0: Foul Ball, location: 2F
1-1: Foul Ball, location: 2F
1-2: Ground out 6-3 (Groundball, 6)
Bottom of the 3rd over - 2 run(s), 3 hit(s), 1 error(s), 1 left on base; Nantucket 1 - Athens 2
TOP OF THE 4TH
Nantucket Orcas batting - Pitching for Athens Assassins : RHP Don Ford
Batting: RHB Fernando Álvarez 0-0: Swinging Strike
0-1: Called Strike
0-2: Ball
1-2: Ball
2-2: SINGLE (Line Drive, 56)
Batting: LHB Alfonso Vélez 0-0: Foul Ball, location: 2F
0-1: Ball
1-1: Called Strike
1-2: Strikes out swinging
Batting: RHB Roberto Canó 0-0: Ball
Fernando Álvarez is caught stealing 2nd base
1-0: Called Strike
1-1: Ball
2-1: Swinging Strike
2-2: Foul Ball, location: 2F
2-2: Foul Ball, location: 2F
2-2: Foul Ball, location: 2F
2-2: Foul Ball, location: 2F
2-2: Foul Ball, location: 2F
2-2: Ball
3-2: Foul Ball, location: 2F
3-2: SINGLE (Line Drive, 6D)
Batting: SHB José Castillo 0-0: Called Strike
0-1: Ball
1-1: Ball
2-1: Swinging Strike
2-2: Strikes out looking
Top of the 4th over - 0 run(s), 2 hit(s), 0 error(s), 1 left on base; Nantucket 1 - Athens 2
BOTTOM OF THE 4TH
Athens Assassins batting - Pitching for Nantucket Orcas : LHP Stanley Wise
Batting: RHB Júlio Castillo 0-0: Ball
1-0: Fly out, F3 (Line Drive, 3S)
Batting: RHB Jorge García 0-0: Swinging Strike
0-1: Called Strike
0-2: Strikes out swinging
Batting: RHB Justin Tomlinson 0-0: Ball
1-0: SINGLE (Groundball, 6MD)
Batting: RHB Luis López 0-0: Ball
1-0: Ball
2-0: Ground out 5-3 (Groundball, 5S)
Bottom of the 4th over - 0 run(s), 1 hit(s), 0 error(s), 1 left on base; Nantucket 1 - Athens 2
TOP OF THE 5TH
Nantucket Orcas batting - Pitching for Athens Assassins : RHP Don Ford
Batting: RHB Oliver Gonzéles 0-0: DOUBLE (Line Drive, 78M)
Batting: RHB Luis Cruz 0-0: Called Strike
0-1: Ball
1-1: Ball
2-1: Foul Ball, location: 2F
2-2: Fly out, F9 (Line Drive, 89M)
Batting: RHB Charlie Pérez 0-0: Ground out 5-3 (Groundball, 56)
Batting: RHB Demetrio Inrouville 0-0: DOUBLE (Groundball, 5L)
Oliver Gonzéles scores
Batting: LHB Eugene Lee 0-0: Ball
1-0: Foul Ball, location: 2F
1-1: Foul Ball, location: 2F
1-2: Fly out, F7 (Flyball, 7LM)
Top of the 5th over - 1 run(s), 2 hit(s), 0 error(s), 1 left on base; Nantucket 2 - Athens 2
BOTTOM OF THE 5TH
Athens Assassins batting - Pitching for Nantucket Orcas : LHP Stanley Wise
Batting: RHB Alfredo Medina 0-0: Fly out, F7 (Flyball, 78M)
Batting: RHB Manny Olhoa 0-0: Ball
1-0: Foul Ball, location: 2F
1-1: Ball
2-1: Called Strike
2-2: Ball
3-2: Foul Ball, location: 2F
3-2: Strikes out swinging
Batting: RHB Alfonso Flores 0-0: Called Strike
0-1: Swinging Strike
0-2: Ball
1-2: Strikes out swinging
Bottom of the 5th over - 0 run(s), 0 hit(s), 0 error(s), 0 left on base; Nantucket 2 - Athens 2
TOP OF THE 6TH
Nantucket Orcas batting - Pitching for Athens Assassins : RHP Don Ford
Batting: RHB Fernando Álvarez 0-0: Ball
1-0: Foul Ball, location: 2F
1-1: Ground out 4-3 (Groundball, 4M)
Pitching: LHP António Yan
Batting: LHB Alfonso Vélez 0-0: Fly out, F9 (Flyball, 9LM)
Batting: RHB Roberto Canó 0-0: Called Strike
0-1: Ball
1-1: Ball
2-1: Ball
3-1: Base on Balls
Batting: SHB José Castillo 0-0: Ball
1-0: Swinging Strike
1-1: Called Strike
1-2: Ball
2-2: Foul Ball, location: 2F
2-2: Strikes out looking
Top of the 6th over - 0 run(s), 0 hit(s), 0 error(s), 1 left on base; Nantucket 2 - Athens 2
BOTTOM OF THE 6TH
Athens Assassins batting - Pitching for Nantucket Orcas : LHP Stanley Wise
Batting: RHB Maximino Abbado 0-0: Called Strike
0-1: DOUBLE (Line Drive, 7LM)
Batting: SHB Chris Barrett 0-0: Ball
1-0: Ball
2-0: Foul Ball, location: 2F
2-1: Foul Ball, location: 2F
2-2: Foul Ball, location: 2F
2-2: Ball
3-2: Strikes out looking
Batting: RHB Júlio Castillo 0-0: Intentional Walk
Batting: RHB Jorge García 0-0: Swinging Strike
0-1: Swinging Strike
0-2: Strikes out looking
Batting: RHB Justin Tomlinson 0-0: Foul Ball, location: 2F
0-1: Ball
1-1: Ball
2-1: Ball
3-1: Base on Balls
Maximino Abbado to third
Júlio Castillo to second
Batting: RHB Luis López 0-0: Ball
1-0: GRAND SLAM HOME RUN (Flyball, 78XD), Distance : 394 ft
Pitching: RHP Bo Wagner
Batting: RHB Alfredo Medina 0-0: Ground out 6-3 (Groundball, 6M)
Bottom of the 6th over - 4 run(s), 2 hit(s), 0 error(s), 0 left on base; Nantucket 2 - Athens 6
TOP OF THE 7TH
Nantucket Orcas batting - Pitching for Athens Assassins : LHP António Yan
Batting: RHB Oliver Gonzéles 0-0: Fly out, F9 (Flyball, 9LS)
Batting: RHB Luis Cruz 0-0: Ball
1-0: Called Strike
1-1: Ball
2-1: DOUBLE (Line Drive, 78S)
Batting: RHB Charlie Pérez 0-0: Ball
Luis Cruz is caught stealing 3rd base
1-0: Ball
2-0: Called Strike
2-1: Fly out, F8 (Flyball, 89M)
Top of the 7th over - 0 run(s), 1 hit(s), 0 error(s), 0 left on base; Nantucket 2 - Athens 6
BOTTOM OF THE 7TH
Athens Assassins batting - Pitching for Nantucket Orcas : RHP Bo Wagner
Batting: RHB Manny Olhoa 0-0: Called Strike
0-1: Foul Ball, location: 2F
0-2: Strikes out swinging
Batting: RHB Alfonso Flores 0-0: Called Strike
0-1: Ball
1-1: Ball
2-1: Foul Ball, location: 2F
2-2: Foul Ball, location: 2F
2-2: Strikes out swinging
Batting: RHB Maximino Abbado 0-0: Ball
1-0: Ball
2-0: Called Strike
2-1: Ball
3-1: Foul Ball, location: 2F
3-2: Foul Ball, location: 2F
3-2: Strikes out swinging
Bottom of the 7th over - 0 run(s), 0 hit(s), 0 error(s), 0 left on base; Nantucket 2 - Athens 6
TOP OF THE 8TH
Nantucket Orcas batting - Pitching for Athens Assassins : LHP António Yan
Batting: RHB Demetrio Inrouville 0-0: Called Strike
0-1: Fly out, F7 (Flyball, 78M)
Batting: LHB Eugene Lee 0-0: Called Strike
0-1: Fly out, F8 (Flyball, 8RS)
Batting: RHB Fernando Álvarez 0-0: Foul Ball, location: 2F
0-1: Ball
1-1: Foul Ball, location: 2F
1-2: Strikes out swinging
Top of the 8th over - 0 run(s), 0 hit(s), 0 error(s), 0 left on base; Nantucket 2 - Athens 6
BOTTOM OF THE 8TH
Athens Assassins batting - Pitching for Nantucket Orcas : RHP Bo Wagner
Batting: SHB Chris Barrett 0-0: Foul Ball, location: 2F
0-1: Ball
1-1: Swinging Strike
1-2: Ball
2-2: Strikes out swinging
Batting: RHB Júlio Castillo 0-0: Called Strike
0-1: Foul Ball, location: 2F
0-2: Ball
1-2: SOLO HOME RUN (Flyball, 78XD), Distance : 400 ft
Batting: RHB Jorge García 0-0: SINGLE (Groundball, 34D)
Batting: RHB Justin Tomlinson 0-0: Ball
1-0: Ball
2-0: Swinging Strike
2-1: Ball
3-1: Swinging Strike
3-2: Strikes out looking
Batting: RHB Luis López 0-0: Ball
1-0: Called Strike
1-1: Fly out, F2 (Popup, 2R)
Bottom of the 8th over - 1 run(s), 2 hit(s), 0 error(s), 1 left on base; Nantucket 2 - Athens 7
TOP OF THE 9TH
Nantucket Orcas batting - Pitching for Athens Assassins : LHP António Yan
Now at C: Luis López
Batting: LHB Alfonso Vélez 0-0: Ball
1-0: Ground out 5-3 (Groundball, 56)
Batting: RHB Roberto Canó 0-0: Ball
1-0: Called Strike
1-1: Ball
2-1: Called Strike
2-2: Ball
3-2: Base on Balls
Batting: SHB José Castillo 0-0: Ball
1-0: SINGLE (Groundball, 56) (infield hit)
Roberto Canó to second
Batting: RHB Oliver Gonzéles 0-0: Ball
1-0: Ball
2-0: SINGLE (Line Drive, 8RS)
Roberto Canó to third
José Castillo to second
Pitching: RHP Jimmy Banks
Batting: RHB Luis Cruz 0-0: Ball
1-0: Called Strike
1-1: Called Strike
1-2: Foul Ball, location: 2F
1-2: Fly out, F8 (Flyball, 8RM)
Runner from 3rd tags up, SCORES, no throw
Batting: RHB Charlie Pérez 0-0: Swinging Strike
0-1: Foul Ball, location: 2F
0-2: Foul Ball, location: 2F
0-2: Ball
1-2: Ball
2-2: Strikes out swinging
Top of the 9th over - 1 run(s), 2 hit(s), 0 error(s), 2 left on base; Nantucket 3 - Athens 7
Tuesday, August 8th, 2017 - OOTP Baseball 17.12 Build 75